AoeStats
← Horizon

Arena

509961346Analyzed
2v2 RM · 4d ago on Sep 28, 2026· 54m 54s· 4 players
Game mode
Random Map
Map size
Medium (4 player)
Population
200
Speed
Normal
Resources
Standard
Victory
Conquest
Starting age
Dark Age
Ending age
Imperial Age
RankedLock teamsTeams togetherTeam positionsShared explorationLock speedFull tech treeHidden civsTurbo modeCheats
Victory
Defeat
🇦🇷 Turks · Argentina
840
+16
🇹🇷 Vikings · Türkiye
756
+19
🇬🇷 Vietnamese · Greece
848
-18
🇳🇱 Koreans · Netherlands
826
-17
Alwino
5:52 Loom
10:38 Feudal Age
11:06 Horse Collar
13:04 Double-Bit Axe
19:02 Castle Age
17:40 Gold Mining
21:31 Town Watch
26:34 Wheelbarrow
29:36 Imperial Age
28:07 Fletching
30:35 Town Patrol
31:22 Conscription
30:58 Pikeman
31:39 Squires
32:26 Bow Saw
32:39 Heavy Plow
32:14 Crossbowman
32:15 Elite Skirmisher
33:25 Arbalester
34:10 Thumb Ring
35:01 Thumb Ring
34:57 Bodkin Arrow
Horizon
6:58 Loom
9:36 Feudal Age
7:54 Loom
10:50 Horse Collar
10:56 Double-Bit Axe
18:44 Castle Age
16:59 Gold Mining
18:11 Stone Mining
18:48 Loom
19:38 Wheelbarrow
23:34 Bow Saw
25:21 Hand Cart
26:48 Fletching
26:58 Padded Archer Armor
27:18 Forging
27:14 Scale Barding Armor
28:47 Stone Shaft Mining
30:49 Imperial Age
28:57 Town Watch
29:30 Treadmill Crane
30:11 Ballistics
29:47 Murder Holes
30:03 Masonry
30:17 Fortified Wall
30:25 Bloodlines
30:23 Husbandry
31:28 Chain Barding Armor
31:51 Iron Casting
32:22 Town Patrol
32:21 Bodkin Arrow
32:57 Leather Archer Armor
33:17 Plate Barding Armor
32:54 Guilds
33:52 Chemistry
32:38 Arrowslits
33:06 Arrowslits
33:53 Siege Engineers
34:16 Elite Battle Elephant
37:01 Elite Skirmisher
38:10 Thumb Ring
37:45 Imperial Skirmisher
41:23 Bracer
42:15 Ring Archer Armor
43:33 Chatras
43:54 Paper Money
44:10 Hoardings
48:07 Sappers
49:24 Elite Rattan Archer
49:36 Sappers
晚霞与她
9:45 Feudal Age
8:02 Loom
14:10 Horse Collar
16:59 Castle Age
15:15 Double-Bit Axe
16:16 Gold Mining
16:51 Stone Mining
25:02 Imperial Age
24:56 Gold Shaft Mining
24:24 Town Watch
25:40 Bow Saw
37:51 Heavy Plow
38:41 Conscription
41:27 Murder Holes
42:19 Husbandry
42:29 Bloodlines
45:21 Scale Barding Armor
45:28 Forging
47:38 Artillery
50:59 Chain Barding Armor
52:56 Plate Barding Armor
52:57 Iron Casting
53:04 Wheelbarrow
52:31 Town Patrol
54:21 Hand Cart
55:17 Padded Archer Armor
56:18 Blast Furnace
@NtalyaKA$myDEAR
0:27 Loom
13:33 Feudal Age
13:57 Horse Collar
14:06 Double-Bit Axe
19:55 Castle Age
18:50 Gold Mining
19:31 Man-at-Arms
19:58 Arson
22:03 Stone Mining
22:55 Bow Saw
22:47 Heavy Plow
25:13 Gold Shaft Mining
29:44 Chieftains
32:40 Imperial Age
30:44 Squires
32:36 Forging
32:27 Scale Mail Armor
31:51 Pikeman
32:45 Capped Ram
34:15 Crop Rotation
35:08 Two-Man Saw
34:31 Elite Skirmisher
36:13 Elite Berserk
37:24 Padded Archer Armor
37:14 Fletching
38:26 Conscription
39:09 Iron Casting
38:49 Chain Mail Armor
39:14 Town Watch
39:29 Long Swordsman
43:35 Blast Furnace
43:05 Plate Mail Armor
44:07 Elite Varangian Guard
46:35 Ballistics
47:16 Chemistry
45:44 Siege Ram
47:56 Bogsveigar
49:59 Caravan
51:17 Two-Handed Swordsman
Connection lost

Rejoining the realm…

Still unreachable

The connection could not be restored.

Session expired

The server has moved on; the page needs a fresh start.